 Dungeon Crawl Stone Soup version 0.22-a0-553-g9358b0b (webtiles) character file.

7 glosham the Stinger (level 2, -3/28 HPs)
             Began as an Ogre Venom Mage on June 25, 2018.
             Slain by a quokka (5 damage)
             ... on level 2 of the Dungeon.
             The game lasted 00:05:19 (96 turns).

glosham the Stinger (Ogre Venom Mage)                 Turns: 96, Time: 00:05:19

Health: -3/28      AC:  3    Str: 11    XL:     2   Next: 4%
Magic:  0/5        EV: 10    Int: 16    God:
Gold:   3          SH:  0    Dex:  9    Spells: 4/5 levels left

rFire    . . .     SeeInvis .   a - +0 club
rCold    . . .     Gourm    .   (no shield)
rNeg     . . .     Faith    .   e - +0 robe
rPois    .         Spirit   .   (helmet restricted)
rElec    .         Reflect  .   (no cloak)
rCorr    .         Harm     .   (gloves unavailable)
MR       .....                  (boots unavailable)
Stlth    +.........             (no amulet)
HPRegen  0.09/turn              (no ring)
MPRegen  0.09/turn              (no ring)

@: very slightly contaminated, invisible
A: large, unfitting armour, tough skin 1
a: no special abilities


You were on level 2 of the Dungeon.
You were not hungry.

You visited 1 branch of the dungeon, and saw 2 of its levels.

You collected 3 gold pieces.

Inventory:

Hand Weapons
 a - a +0 club (weapon)
Armour
 e - a +0 robe (worn)
Scrolls
 b - a scroll of teleportation {unknown}
Comestibles
 c - 2 rations
 d - 4 chunks of flesh


   Skills:
 * Level 2.2 Fighting
 - Level 1.7 Dodging
 - Level 1.4 Stealth
 - Level 2.4 Spellcasting
 - Level 0.8 Conjurations
 - Level 2.6 Poison Magic


You had 4 spell levels left.
You knew the following spells:

 Your Spells              Type           Power        Failure   Level  Hunger
x - Sting                 Conj/Pois      #...         10%         1    #......

Your spell library contained the following spells:

 Spells                   Type           Power        Failure   Level  Hunger
 Mephitic Cloud           Conj/Pois/Air  #.......     36%         3    ###....
 Venom Bolt               Conj/Pois      #.........   95%         5    ######.
 Olgreb's Toxic Radiance  Pois           ##......     54%         4    #####..
 Poisonous Vapours        Pois/Air       #.....       17%         2    ###....


Dungeon Overview and Level Annotations

Branches:
Dungeon (2/15)

Altars:


Innate Abilities, Weirdness & Mutations

You are too large for most types of armour.
You have tough skin. (AC +1)


Message History

Press: ? - help, Shift-Dir - straight line, f/p - quokka
Aim: a quokka (moderately wounded)
The sting hits the quokka.
The quokka appears unharmed.
The quokka is moderately wounded.
The quokka twitches its whiskers.
The quokka bites you.
You miss the quokka.
The quokka is moderately wounded.
The quokka bites you. The worm closely misses you.
The quokka bites you but does no damage.
You barely miss the quokka.
The quokka is lightly wounded.
The quokka completely misses you. The worm bites you.
You hit the quokka but do no damage.
The quokka is lightly wounded.
The quokka bites you.
The quokka bites you but does no damage.
The worm bites you!
* * * LOW HITPOINT WARNING * * *
You closely miss the quokka.
The quokka is lightly wounded.
The quokka closely misses you. The quokka barely misses you.
Unknown command.
Casting: Sting (safe; 10% risk of failure)
Confirm with . or Enter, or press ? or * to list all spells.
Aiming: Sting (safe; 10% risk of failure)
Press: ? - help, Shift-Dir - straight line, f/p - quokka
Aim: a quokka (lightly wounded)
The sting hits the quokka.
The quokka is heavily wounded.
The worm closely misses you. The quokka bites you.
* * * LOW HITPOINT WARNING * * *
It was a potion of invisibility.
You fade into invisibility!
The quokka completely misses you. The worm misses you.
You are very lightly contaminated with residual magic.
You closely miss the quokka.
The quokka is heavily wounded.
The quokka closely misses you. The quokka bites you.
You die...

........#.#.#.#.#
........#.#.#.#.#
..........#.#.#.#
..........#.#.#.#
........#.#.#.#..
........#...#...#
..........#####..
#+##...#......######
#.###..###.#.@r.#
#+##.......##.#w##.#
...[.............# #
....#....>..#'####
....#.........^..#
##..+..........#.#
##.#..........# ..
###..........# ##
#..........#


You could see a worm and a quokka.

Vanquished Creatures
  An ooze (D:2)
  A bat (D:2)
  A ball python (D:2)
  A kobold (D:2)
  A rat (D:2)
5 creatures vanquished.

Vanquished Creatures (others)
  A hobgoblin (D:1)
1 creature vanquished.

Grand Total: 6 creatures vanquished

Notes
Turn   | Place    | Note
-------+----------+-------------------------------------------
     0 | D:1      | glosham the Ogre Venom Mage began the quest for the Orb.
     0 | D:1      | Reached XP level 1. HP: 16/16 MP: 3/3
     0 | D:1      | Noticed an orb of fire
     0 | D:1      | Noticed an orb of fire
     1 | D:1      | Noticed an ice dragon
     1 | D:1      | Noticed a red draconian
     3 | D:1      | Noticed an iron dragon
     3 | D:1      | Noticed an orb of fire
     5 | D:1      | Noticed an orb of fire
     8 | D:1      | Noticed a large abomination
    10 | D:1      | Noticed a large abomination
    12 | D:1      | Noticed a large abomination
    14 | D:1      | Noticed a tentacled monstrosity
    14 | D:1      | Noticed a golden dragon
    16 | D:1      | Noticed an ice dragon
    16 | D:1      | Noticed a tentacled monstrosity
    18 | D:1      | Noticed a golden dragon
    20 | D:1      | Noticed a yellow draconian
    41 | D:2      | Reached skill level 1 in Fighting
    65 | D:2      | Reached skill level 2 in Fighting
    65 | D:2      | Reached XP level 2. HP: 26/28 MP: 1/5
    94 | D:2      | HP: 1/28 [quokka (3)]
    96 | D:2      | Slain by a quokka

Vault maps used:
D:1:      shiori_arrival_whats_in_store_for_you, lemuel_flame_loot_1
D:2:      minmay_roachtagon, grunt_gozag_statues,
          nicolae_overflow_hidden_temple, dk_noncrumbling_3

Skill      XL: |  1 |
---------------+----+-----
Fighting       | 2 |  2.2
Dodging        | |  1.7
Stealth        | |  1.4
Spellcasting   | |  2.4
Conjurations   | |  0.8
Poison Magic   | |  2.6

Action                   || total
-------------------------++-------
Melee: Club              ||    12
       Unarmed           ||     1
 Cast: Sting             ||     7
  Use: Potion            ||     1
Armor: Robe              ||     2
Dodge: Dodged            ||    21

Table legend:
 A = Spawn XP
 B = Non-spawn XP
 C = Spawn XP percentage of total XP
 D = Spawn monster count
 E = Non-spawn monster count
 F = Spawn count percentage of total count
 G = Total turns spent on level
                    A         B        C        D         E        F      G
               +---------+---------+-------+---------+---------+-------+---------
         Total |       0 |      11 |   0.0 |       0 |       5 |   0.0 |    96
               +---------+---------+-------+---------+---------+-------+---------
           D:2 |       0 |      11 |   0.0 |       0 |       5 |   0.0 |    70
               +---------+---------+-------+---------+---------+-------+---------

Table legend:
 A = Turns spent in this place as a percentage of turns spent in the entire game.
 B = Non-inter-level travel turns spent in this place as a percentage of non-inter-level travel turns spent in the entire game.
 C = Inter-level travel turns spent in this place as a percentage of turns spent in this place.
 D = Turns resting spent in this place as a percentage of non-inter-level travel turns spent in this place.
 E = Turns spent auto-exploring this place as a percentage of non-inter-level travel turns spent in this place.
 F = Non-inter-level travel turns spent in this place divided by the number of levels of this place that you've seen.
                   A       B       C       D       E      F
               +-------+-------+-------+-------+-------+----------------------
         Total | 100.0 | 100.0 |   0.0 |   0.0 |   0.0 |  48.0
       Dungeon | 100.0 | 100.0 |   0.0 |   0.0 |   0.0 |  48.0
               +-------+-------+-------+-------+-------+----------------------

Table legend:
 A = Kills in this place as a percentage of kills in entire the game.
 B = Kills by you in this place as a percentage of kills by you in the entire game.
 C = Kills by friends in this place as a percentage of kills by friends in the entire game.
 D = Other kills in this place as a percentage of other kills in the entire game.
 E = Experience gained in this place as a percentage of experience gained in the entire game.
 F = Experience gained in this place divided by the number of levels of this place that you have seen.
                   A       B       C       D       E      F
               +-------+-------+-------+-------+-------+----------------------
         Total | 100.0 | 100.0 |   N/A |   N/A | 100.0 |   5.5
       Dungeon | 100.0 | 100.0 |   N/A |   N/A | 100.0 |   5.5
               +-------+-------+-------+-------+-------+----------------------

Vault maps used:
D:1:      shiori_arrival_whats_in_store_for_you, lemuel_flame_loot_1
D:2:      minmay_roachtagon, grunt_gozag_statues,
          nicolae_overflow_hidden_temple, dk_noncrumbling_3
